 Dungeon Crawl Stone Soup version 0.32-a0-131-g9dbbe29261 (webtiles) character file.

Game seed: 8978278477950323464

424 Dittersdorf the Trooper (level 6, -2/40 HPs)
             Began as a Gargoyle Fighter on Feb 8, 2024.
             Incinerated by a bombardier beetle (4 damage)
             ... with a burning spray
             ... on level 5 of the Dungeon.
             The game lasted 00:03:35 (3171 turns).

Dittersdorf the Trooper (Gargoyle Fighter)          Turns: 3171, Time: 00:03:35

Health: -2/40      AC: 18    Str: 21    XL:     6   Next: 96%
Magic:  6/6        EV:  8    Int:  9    God:
Gold:   209        SH:  4    Dex:  9    Spells: 5/5 levels left

rFire   . . .        a - +0 flail
rCold   . . .        c - +0 buckler
rNeg    + . .        o - +0 chain mail
rPois   ∞            q - +0 helmet
rElec   +            h - +2 cloak
rCorr   .            (no gloves)
SInv    .            (no boots)
Will    .....        e - amulet of regeneration Stlth
                     (no ring)
HPRegen 1.06/turn    (no ring)
MPRegen 0.10/turn

%: no passive effects
@: on fire, glowing
A: sickness immunity, AC +4, negative energy resistance 1, electricity
resistance, torment resistance 1, petrification resistance
a: no special abilities


You were on level 5 of the Dungeon.
You visited 1 branch of the dungeon, and saw 5 of its levels.

You collected 209 gold pieces.

Inventory:

Hand Weapons
 a - a +0 flail (weapon)
Armour
 c - a +0 buckler (worn)
 h - a +2 cloak (worn)
 o - a +0 chain mail (worn)
 q - a +0 helmet (worn)
Jewellery
 e - an amulet of regeneration (around neck)
Scrolls
 f - a scroll of poison {unknown}
 g - 3 scrolls of revelation {unknown}
 k - a scroll of enchant armour
 m - a scroll of fog {unknown}
 p - a scroll of silence {unknown}
 r - 2 scrolls of fear {unknown}
Potions
 b - a potion of resistance
 d - 4 potions of might
 i - a potion of curing
 j - 3 potions of attraction {unknown}
 l - a potion of haste
 n - 2 potions of ambrosia
 s - a potion of brilliance {unknown}


   Skills:
 + Level 5.0 Fighting
 + Level 3.9 Maces & Flails
 + Level 5.0 Armour
 + Level 5.0 Shields


You had 5 spell levels left.
You didn't know any spells.
Your spell library was empty.

Dungeon Overview and Level Annotations

Branches:
Dungeon (5/15)
 Temple: D:4-7

Altars:
Makhleb
Uskayaw
Vehumet

Annotations:
D:3 2 transporters, Azoth's ghost, amateur DsFi


Innate Abilities, Weirdness & Mutations

You are immune to sickness and miasma.
Your stone body is resilient. (AC +4)
You are immune to poison.
You resist negative energy. (rN+)
You are resistant to electric shocks. (rElec)
You are resistant to unholy torment.
You are immune to petrification.


Message History

You are too injured to fight recklessly!
You are too injured to fight recklessly!
You are too injured to fight recklessly!
You are too injured to fight recklessly!
You are too injured to fight recklessly!
You are too injured to fight recklessly!
You are too injured to fight recklessly!
You are too injured to fight recklessly!
You are too injured to fight recklessly!
You are too injured to fight recklessly!
You are too injured to fight recklessly!
You are too injured to fight recklessly!
You are too injured to fight recklessly!
You sock the bombardier beetle!
The bombardier beetle is heavily wounded.
The liquid fire burns you!
You block the bombardier beetle's attack.
You hit the bombardier beetle.
The bombardier beetle is severely wounded.
The liquid fire burns you!
* * * LOW HITPOINT WARNING * * *
The bombardier beetle completely misses you.
You closely miss the bombardier beetle.
The bombardier beetle is severely wounded.
The liquid fire burns you!
* * * LOW HITPOINT WARNING * * *
You hit the bombardier beetle but do no damage.
The bombardier beetle is severely wounded.
The liquid fire burns you!
* * * LOW HITPOINT WARNING * * *
The bombardier beetle bites you but does no damage.
You barely miss the bombardier beetle.
The bombardier beetle is severely wounded.
The liquid fire burns you!
* * * LOW HITPOINT WARNING * * *
You block the bombardier beetle's attack.
You sock the bombardier beetle!
You kill the bombardier beetle!
The liquid fire burns you!
You die...

#..(.. #..... #.....
#..... #..... #..!..
##....†###########
....$.†@.........+
.#.....####......#
...#### #......# #
#......# #......#
########......#
..............#
#################......#
#<)........# #......#


There were no monsters in sight!

Vanquished Creatures
  2 scorpions (D:4)
  A bombardier beetle (D:5)
  2 orc priests (D:4)
  A sleepcap (D:4)
  2 orc wizards
  9 adders
  2 ufetubi (D:4)
  A dart slug (D:1)
  2 ribbon worms
  5 orcs
  6 ball pythons
  2 bats (D:1)
  6 endoplasms
  5 giant cockroaches
  8 goblins
  6 hobgoblins
  5 jackals
  5 kobolds
  A quokka (D:1)
  2 frilled lizards
  3 rats
76 creatures vanquished.

Notes
Turn   | Place    | Note
-------+----------+-------------------------------------------
     0 | D:1      | Dittersdorf the Gargoyle Fighter began the quest for the
                  | Orb.
     0 | D:1      | Reached XP level 1. HP: 14/14 MP: 1/1
    97 | D:1      | Reached XP level 2. HP: 19/19 MP: 2/2
   293 | D:1      | Reached XP level 3. HP: 23/23 MP: 3/3
  1390 | D:3      | Reached XP level 4. HP: 29/29 MP: 4/4
  1470 | D:3      | Found a transporter.
  1470 | D:3      | Noticed Azoth's ghost (amateur DsFi)
  1494 | D:3      | Found a transporter.
  1698 | D:3      | Reached XP level 5. HP: 33/33 MP: 5/5
  1904 | D:3      | Found a burning altar of Makhleb.
  2570 | D:4      | Reached XP level 6. HP: 35/39 MP: 6/6
  2930 | D:4      | Found a radiant altar of Vehumet.
  2930 | D:4      | Found a hide-covered altar of Uskayaw.
  2972 | D:5      | Entered Level 5 of the Dungeon
  3119 | D:5      | Reached skill level 5 in Fighting
  3161 | D:5      | Reached skill level 5 in Armour
  3163 | D:5      | Reached skill level 5 in Shields
  3170 | D:5      | HP: 1/40 [burnt (6)]
  3171 | D:5      | Incinerated by a bombardier beetle

Illustrated notes

Levels and vault maps discovered:
D:1:      shiori_arrival_elements, layout_basic, kennysheep_pointless_box
D:2:      layout_loops_ring, minivault_11
D:3:      layout_loops_cross, bloody_makhleb, gammafunk_ghost_stat_death
D:4:      layout_basic, nicolae_overflow_two_pavilions, chequers_avenue,
          minmay_quantized
D:5:      layout_basic

Skill      XL: |  1  2  3  4  5  6 |
---------------+-------------------+-----
Fighting       | 4 5 |  5.0
Armour         | 4 5 |  5.0
Shields        | 4 5 |  5.0
Maces & Flails | 3 |  3.9

Action                     |  1- 3 |  4- 6 || total
---------------------------+-------+-------++-------
  Melee: Flail             |   119 |   255 ||   374
    Use: Scroll            |       |     6 ||     6
 Armour: Scale mail        |   101 |    12 ||   113
         Chain mail        |       |   253 ||   253
  Dodge: Dodged            |    71 |   158 ||   229
  Block: Buckler           |    31 |    87 ||   118

Table legend: (Time is in decaauts)
 A = Elapsed time spent in this place.
 B = Non-inter-level travel time spent in this place.
 C = Inter-level travel time spent in this place.
 D = Time resting spent in this place.
 E = Time spent auto-exploring this place.
 F = Levels seen in this place.
 G = Mean time per level.
                   A        B        C        D        E       F      G
               +--------+--------+--------+--------+--------+-----+--------+
         Total |   3278 |   3112 |    166 |      7 |   2317 |   5 |  655.6 |
       Dungeon |   3278 |   3112 |    166 |      7 |   2317 |   5 |  655.6 |
               +--------+--------+--------+--------+--------+-----+--------+

Top non-repeatable levels by time:
     D:4: 1066 daAuts
     D:1: 778 daAuts
     D:3: 690 daAuts
     D:2: 613 daAuts
     D:5: 129 daAuts
